 Dungeon Crawl Stone Soup version 0.21.1-1-g345015f (webtiles) character file.

19112 Galewin the Executioner (level 12, -11/91 HPs)
             Began as a Minotaur Berserker on Apr 4, 2018.
             Was an Elder of Trog.
             Mangled by a rakshasa (illusionary)
             ... wielding a +0 trident
              (13 damage)
             ... on level 1 of the Abyss.
             The game lasted 00:39:35 (10744 turns).

Galewin the Executioner (Minotaur Berserker)       Turns: 10744, Time: 00:39:36

Health: -11/91     AC: 20    Str: 28    XL:     12   Next: 33%
Magic:  0/11       EV:  8    Int:  4    God:    Trog [****..]
Gold:   405        SH:  0    Dex: 11    Spells: 11/11 levels left

rFire    . . .     SeeInvis .   z - +0 war axe
rCold    . . .     Gourm    .   (no shield)
rNeg     . . .     Faith    .   l - +2 plate armour
rPois    .         Spirit   +   (helmet restricted)
rElec    .         Reflect  .   i - +0 cloak
rCorr    .         Harm     .   k - +2 pair of gloves
MR       ++...                  F - +0 pair of boots "Cecuug Jor" {Slay+4 Stlth+}
Stlth    ..........             I - amulet of guardian spirit
HPRegen  1.00/turn              g - ring of stealth
MPRegen  0.12/turn              G - ring of flight

@: regenerating
A: retaliatory headbutt, claws 1, horns 2, slimy green scales 1, inhibited
regeneration, strong 1
a: Berserk, Trog's Hand, Brothers in Arms, Burn Spellbooks, Renounce Religion,
Evoke Flight


You were on level 1 of the Abyss.
You worshipped Trog.
Trog was greatly pleased with you.
You were not hungry.

You visited 3 branches of the dungeon, and saw 14 of its levels.
You visited the Abyss 1 time.
You also visited: Ossuary.

You collected 585 gold pieces.
You spent 180 gold pieces at shops.

Inventory:

Hand Weapons
 z - a +0 war axe (weapon)
Armour
 i - a +0 cloak (worn)
 k - a +2 pair of gloves (worn)
 l - a +2 plate armour (worn)
 F - the +0 pair of boots "Cecuug Jor" (worn) {Slay+4 Stlth+}
   (You found it on level 11 of the Dungeon)

   It affects your accuracy and damage with ranged weapons and melee attacks
   (+4).
   It makes you more stealthy.
Jewellery
 g - a ring of stealth (left hand)
 j - an uncursed ring of protection from cold
 o - an uncursed ring of protection from fire
 E - an uncursed amulet of the gourmand
 G - a ring of flight (right hand)
 I - an amulet of guardian spirit (around neck)
 K - an uncursed ring of see invisible {unknown}
Wands
 q - a wand of clouds (5)
 r - a wand of digging (21)
 s - a wand of enslavement (15)
 v - a wand of polymorph (17)
 C - a wand of disintegration (13)
 D - a wand of paralysis (15)
Scrolls
 a - a scroll of silence {unknown}
 e - a scroll of blinking {unknown}
 n - 5 scrolls of remove curse
 t - a scroll of fog {unknown}
 x - a scroll of acquirement {unknown}
 y - 7 scrolls of enchant weapon
 A - a scroll of magic mapping
Potions
 b - 3 potions of brilliance
 d - 3 potions of curing
 f - a potion of ambrosia
 h - a potion of resistance
 m - 5 potions of heal wounds
 p - a potion of flight
 u - 2 potions of magic {unknown}
 w - 3 potions of degeneration
 B - 2 potions of cancellation
Comestibles
 c - 15 rations


   Skills:
 - Level 4.2 Fighting
 * Level 21.7 Axes
 - Level 2.6 Armour
 - Level 2.3 Dodging


You had 11 spell levels left.
You didn't know any spells.

Dungeon Overview and Level Annotations

Branches:
Dungeon (12/15)            Temple (1/1) D:4            Lair (0/6) D:11
    Orc (1/2) D:9

Altars:
Elyvilon
Makhleb
Qazlal
Sif Muna
Uskayaw
Xom
Yredelemnul

Shops:
D:8 ?   D:9 (

Annotations:
D:12 Sonja


Innate Abilities, Weirdness & Mutations

You reflexively headbutt those who attack you in melee.
You have a pair of horns on your head.
You have sharp fingernails.
You are partially covered in slimy green scales. (AC +2)
You do not regenerate when monsters are visible.
Your muscles are strong. (Str +2)


Message History

A starcursed mass splits.
Your ogre hits the rakshasa with a giant spiked club!
A chorus of shrieks assaults your mind.
* * * LOW HITPOINT WARNING * * *
The rakshasa weaves an illusion.
The starcursed mass shimmers and seems to become two!
The rakshasa hits you but does no damage.
The small abomination hits you but does no damage.
The large abomination hits your ogre!!
Your ogre misses the rakshasa. A chorus of shrieks assaults your mind.
* * * LOW HITPOINT WARNING * * *
The large abomination barely misses your ogre.
An Executioner comes into view.
Your skin crawls.
You feel resistant to hostile enchantments.
You feel quite a bit more hungry.
The small abomination hits you but does no damage.
The rakshasa hits you from afar with a trident!
You die...

...........##
...........#.
..#......#.#
..........#
#.......%.#
#.......#.. .
##...!...#..
...#...@.....#
.......x....#.. .
...#.#.R.....# #..
###p.R....#. ##p
#..RXX....# #...
##..O.X.....
.....#.1X...X.#.#
.........X....###.
....#........#XX.X


You could see 4 starcursed masses, an Executioner, 3 rakshasas, 2 large
abominations, a wizard, a small abomination and a friendly ogre (berserk).

Vanquished Creatures
  5 death yaks (D:11)
  3 two-headed ogres
  An unseen horror (D:12)
  An ugly thing (D:12)
  2 cyclopes
  2 gargoyles (D:11)
  A centaur skeleton (D:11)
  3 trolls
  A slime creature (D:12)
  A hornet (D:9)
  4 hippogriffs
  Grinder (D:3)
  A meliai zombie (D:10)
  Sigmund (D:4)
  A wraith (D:10)
  2 wyverns (D:9)
  Grum (D:11)
  2 hungry ghosts
  A steam dragon (D:12)
  Eustachio (D:6)
  Edmund (D:4)
  A soldier ant (D:12)
  7 orc warriors
  5 sky beasts
  2 ice beasts (D:9)
  2 phantoms
  4 ogres
  A necrophage (D:10)
  9 centaurs
  3 wolves (D:11)
  2 crocodiles
  2 big kobolds
  5 bullfrogs
  A wyvern zombie (Ossuary)
  A water moccasin zombie (Ossuary)
  3 scorpions
  A wyvern skeleton (D:10)
  4 killer bees (D:9)
  3 wights (D:10)
  4 howler monkeys
  6 bullfrog zombies
  2 centaur zombies
  4 crimson imps
  8 jellies
  8 orc wizards
  7 hounds
  2 orc priests (D:10)
  A bullfrog skeleton (D:9)
  Jessica (D:3)
  10 worker ants
  2 killer bee zombies (Ossuary)
  A hound zombie (Ossuary)
  20 mummies
  5 worker ant zombies
  7 gnolls
  12 adders
  4 shadow imps
  6 oozes
  An adder zombie (Ossuary)
  A worm (D:3)
  A dart slug (D:2)
  3 leopard geckos
  38 orcs
  2 ball pythons
  A bat (D:3)
  7 giant cockroaches
  7 hobgoblins
  17 jackals
  17 kobolds
  5 quokkas
  9 frilled lizards
  A giant cockroach zombie (Ossuary)
  8 goblins
  A hobgoblin zombie (D:4)
  A jackal skeleton (D:4)
  A kobold zombie (D:4)
  A leopard gecko zombie (Ossuary)
  2 quokka skeletons
  7 rats
333 creatures vanquished.

Vanquished Creatures (collateral kills)
  2 hydras (D:11)
  A death yak (D:11)
  A troll (D:9)
  A vampire (D:11)
  A water moccasin (D:11)
  An eye of draining (D:11)
  A bullfrog (D:11)
  A scorpion (D:11)
9 creatures vanquished.

Vanquished Creatures (others)
  4 starspawn tentacles (Abyss:1)
  2 withered plants (Ossuary)
6 creatures vanquished.

Grand Total: 348 creatures vanquished

Notes
Turn   | Place    | Note
-------+----------+-------------------------------------------
     0 | D:1      | Galewin the Minotaur Berserker began the quest for the Orb.
     0 | D:1      | Reached XP level 1. HP: 19/19 MP: 0/0
   302 | D:1      | Reached skill level 4 in Axes
   302 | D:1      | Reached XP level 2. HP: 22/27 MP: 1/1
   684 | D:2      | Reached XP level 3. HP: 17/33 MP: 2/2
   695 | D:2      | Found a stormy altar of Qazlal.
   927 | D:2      | Reached ** piety under Trog
  1012 | D:2      | Reached skill level 5 in Axes
  1130 | D:2      | Reached XP level 4. HP: 36/40 MP: 3/3
  1392 | D:3      | Noticed Grinder
  1397 | D:3      | Killed Grinder
  1397 | D:3      | Reached skill level 7 in Axes
  1397 | D:3      | Reached XP level 5. HP: 45/46 MP: 4/4
  1436 | D:3      | Reached XP level 6. HP: 41/52 MP: 5/5
  1604 | D:3      | Noticed Jessica
  1610 | D:3      | Killed Jessica
  1610 | D:3      | Reached skill level 8 in Axes
  2153 | D:4      | Found a staircase to the Ecumenical Temple.
  2159 | D:4      | Noticed Edmund
  2169 | D:4      | Reached *** piety under Trog
  2183 | D:4      | Killed Edmund
  2183 | D:4      | Reached skill level 9 in Axes
  2244 | D:4      | Reached XP level 7. HP: 58/59 MP: 6/6
  2251 | D:4      | Noticed Sigmund
  2258 | D:4      | Killed Sigmund
  2258 | D:4      | Reached skill level 10 in Axes
  2447 | D:4      | Reached skill level 11 in Axes
  2473 | D:4      | Found a sand-covered staircase.
  2481 | Ossuary  | Entered an ossuary
  2541 | Ossuary  | Reached XP level 8. HP: 41/66 MP: 7/7
  2643 | Ossuary  | Reached skill level 12 in Axes
  2928 | Ossuary  | Reached **** piety under Trog
  3323 | D:4      | Reached skill level 13 in Axes
  3427 | D:4      | Received a gift from Trog
  3447 | Temple   | Entered the Ecumenical Temple
  3461 | D:5      | Entered Level 5 of the Dungeon
  3965 | D:5      | Gained mutation: Your muscles are strong. (Str +2) [potion of mutation]
  3965 | D:5      | Gained mutation: You do not regenerate when monsters are visible. [potion of mutation]
  3965 | D:5      | Gained mutation: You have sharp fingernails. [potion of mutation]
  3965 | D:5      | Gained mutation: You are partially covered in slimy green scales. (AC +2) [potion of mutation]
  4589 | D:6      | Reached XP level 9. HP: 62/71 MP: 8/8
  4610 | D:6      | Found a white marble altar of Elyvilon.
  4807 | D:6      | Noticed Eustachio
  4816 | D:6      | Killed Eustachio
  4875 | D:6      | Reached skill level 14 in Axes
  5169 | D:7      | Got a heavily runed amber ring
  5194 | D:7      | Found a shimmering altar of Xom.
  5195 | D:7      | Found a shimmering altar of Xom.
  5210 | D:7      | Found a shimmering altar of Xom.
  5218 | D:7      | You fall through a shaft!
  5304 | D:8      | Reached ***** piety under Trog
  5600 | D:8      | Found Paamiofai's Magic Scroll Boutique.
  5618 | D:8      | Bought a scroll of enchant armour for 90 gold pieces
  5618 | D:8      | Bought a scroll of enchant armour for 90 gold pieces
  5777 | D:8      | Reached skill level 15 in Axes
  6033 | D:9      | Found a staircase to the Orcish Mines.
  6051 | D:9      | Found Noprapri's Weapon Emporium.
  6103 | D:9      | Found a burning altar of Makhleb.
  6115 | D:9      | Noticed a two-headed ogre
  6125 | D:9      | Reached skill level 16 in Axes
  6129 | D:9      | Killed a two-headed ogre
  6129 | D:9      | Reached XP level 10. HP: 79/79 MP: 9/9
  6465 | D:9      | Reached skill level 17 in Axes
  6539 | D:9      | Paralysed by a hornet for 1 turns
  6843 | D:9      | Received a gift from Trog
  6946 | Orc:1    | Entered Level 1 of the Orcish Mines
  6961 | D:10     | Entered Level 10 of the Dungeon
  7035 | D:10     | Reached skill level 18 in Axes
  7043 | D:10     | Noticed a two-headed ogre
  7054 | D:10     | Killed a two-headed ogre
  7382 | D:10     | Received a gift from Trog
  7388 | D:10     | Identified the ring of Greed {+Inv rF- MR++ Int+4 Stlth+} (You found it on level 7 of the Dungeon)
  7450 | D:10     | Reached XP level 11. HP: 51/84 MP: 10/10
  7902 | D:10     | Found a deep blue altar of Sif Muna.
  7964 | D:11     | Noticed a two-headed ogre
  7974 | D:11     | Killed a two-headed ogre
  7974 | D:11     | Reached skill level 19 in Axes
  8062 | D:11     | Noticed a death yak
  8063 | D:11     | Noticed a death yak
  8064 | D:11     | Noticed a death yak
  8065 | D:11     | Noticed a death yak
  8066 | D:11     | Noticed a death yak
  8068 | D:11     | Noticed a death yak
  8071 | D:11     | Killed a death yak
  8074 | D:11     | Killed a death yak
  8077 | D:11     | Killed a death yak
  8081 | D:11     | Killed a death yak
  8081 | D:11     | Reached skill level 20 in Axes
  8084 | D:11     | Killed a death yak
  8090 | D:11     | Killed a death yak
  8095 | D:11     | Found a staircase to the Lair.
  8180 | D:11     | Got a pair of ancient boots
  8189 | D:11     | Identified the cursed +0 pair of boots "Cecuug Jor" {Slay+4 Stlth+} (You found it on level 11 of the Dungeon)
  8553 | D:11     | Noticed Grum
  8564 | D:11     | Killed Grum
  8617 | D:11     | Noticed a five-headed hydra
  8620 | D:11     | Killed a five-headed hydra
  8669 | D:11     | Reached skill level 21 in Axes
  8669 | D:11     | Reached XP level 12. HP: 38/91 MP: 11/11
  9072 | D:11     | Noticed an eight-headed hydra
  9086 | D:11     | Killed an eight-headed hydra
  9878 | D:12     | Noticed Sonja
  9968 | D:12     | HP: 4/91 [poisoned by a soldier ant]
 10640 | D:12     | Cast into level 1 of the Abyss (Sonja)
 10640 | Abyss:1  | Found a corrupted altar of Lugonu.
 10701 | Abyss:1  | Noticed a tentacled starspawn
 10704 | Abyss:1  | Noticed a rakshasa
 10729 | Abyss:1  | Noticed a starcursed mass
 10743 | Abyss:1  | HP: 1/91 [starcursed mass (illusionary)/accursed screaming (10)]
 10744 | Abyss:1  | Noticed an Executioner
 10744 | Abyss:1  | Mangled by a rakshasa (illusionary)

Skill      XL: |  1  2  3  4  5  6  7  8  9 10 11 |
---------------+----------------------------------+-----
Axes           | 4 5 7 9 11 13 16 18 21 | 21.7
Fighting       | 4 |  4.2
Armour         | |  2.6
Dodging        | |  2.3

Action                   |  1- 3 |  4- 6 |  7- 9 | 10-12 || total
-------------------------+-------+-------+-------+-------++-------
Melee: Hand axe          |    84 |    93 |   357 |       ||   534
       Headbutt          |    12 |    14 |    84 |    75 ||   185
       War axe           |       |       |    81 |   348 ||   429
Invok: Berserk           |       |     3 |    10 |    17 ||    30
       Burn Spellbooks   |       |     1 |     3 |       ||     4
       Trog's Hand       |       |       |     3 |     3 ||     6
       Brothers in Arms  |       |       |       |     7 ||     7
 Abil: Evoke Flight      |       |       |       |     1 ||     1
  Use: Scroll            |     5 |       |    14 |     5 ||    24
       Potion            |       |       |    15 |     1 ||    16
 Stab: Sleeping          |     1 |       |       |       ||     1
  Eat: Chunk             |     1 |     6 |     7 |    33 ||    47
       Ration            |       |       |     5 |     2 ||     7
Armor: Animal skin       |     7 |       |       |       ||     7
       Ring mail         |     8 |    33 |    21 |       ||    62
       Chain mail        |       |       |    71 |       ||    71
       Plate armour      |       |       |    62 |   222 ||   284
Dodge: Dodged            |    45 |    40 |    93 |   143 ||   321
